 Dungeon Crawl Stone Soup version 0.17.0-28-g6e173f8 (webtiles) character file.

991 Ivanskos the Shield-Bearer (level 7, -2/66 HPs)
             Began as a Deep Dwarf Fighter on Nov 30, 2015.
             Slain by a sky beast (4 damage)
             ... on level 4 of the Dungeon.
             The game lasted 00:14:28 (2609 turns).

Ivanskos the Shield-Bearer (Deep Dwarf Fighter)     Turns: 2609, Time: 00:14:28

Health: -2/66      AC: 14    Str: 22    XL:     7   Next: 98%
Magic:  6/6        EV: 10    Int:  8    God:
Gold:   149        SH: 10    Dex: 12    Spells: 0 memorised, 6 levels left

rFire  . . .     SeeInvis .     z - +0 hand axe (vamp)
rCold  . . .     Clarity  +     b - +0 scale mail
rNeg   . . .     SustAt   .     c - +0 shield
rPois  +         Gourm    .     (no helmet)
rElec  .         Spirit   .     s - +0 cloak
rCorr  .         Warding  .     x - +0 pair of gloves
rMut   .         Stasis   .     (no boots)
MR     +....                    h - amulet of clarity
Stlth  ..........               v - +5 ring of protection
                                l - ring of poison resistance

@: non-regenerating, somewhat resistant to hostile enchantments, extremely
unstealthy
A: damage resistance, recharge devices, sense surroundings 1, slow regeneration
3
a: Device Recharging


You were on level 4 of the Dungeon.
You were not hungry.

You visited 1 branch of the dungeon, and saw 4 of its levels.

You collected 149 gold pieces.

Inventory:

Hand Weapons
 i - a +3 mace of protection
 z - a +0 vampiric hand axe (weapon)
Armour
 b - a +0 scale mail (worn)
 c - a +0 shield (worn)
 s - a +0 cloak (worn)
 x - a +0 pair of gloves (worn)
Jewellery
 h - an amulet of clarity (around neck)
 l - a ring of poison resistance (left hand)
 q - an uncursed amulet of guardian spirit
 r - an uncursed ring of magical power
 v - a +5 ring of protection (right hand)
Wands
 e - a wand of heal wounds (4)
 y - a wand of slowing (4)
Scrolls
 a - a scroll of blinking {unknown}
 j - a scroll of immolation
 k - 2 scrolls of remove curse
 t - a scroll of recharging {unknown}
 u - a scroll of magic mapping {unknown}
 w - a scroll of enchant weapon {unknown}
 C - a scroll of identify
Potions
 d - 3 potions of might
 g - a potion of cure mutation
 m - a potion of curing
 n - a potion of flight
 o - 2 potions of brilliance
 p - a potion of heal wounds
 A - a potion of poison {unknown}
 B - a potion of degeneration {unknown}
Comestibles
 f - 3 bread rations


   Skills:
 + Level 4.5 Fighting
 + Level 2.9(3.6) Axes
 - Level 2.9(3.4) Maces & Flails
 + Level 5.0 Armour
 + Level 4.2 Dodging
 + Level 0.6 Stealth
 + Level 6.2 Shields
 + Level 1.0 Evocations


You had 6 spell levels left.
You didn't know any spells.

Dungeon Overview and Level Annotations

Branches:
Dungeon (4/15)
 Temple: D:4-7

Altars:
Cheibriados
The Shining One


Innate Abilities, Weirdness & Mutations

You are resistant to damage.
You can recharge devices by infusing magical energy.
You passively map a small area around you.
You do not regenerate naturally.


Message History

The sky beast is moderately wounded.
The sky beast flickers out of sight!
Deactivating autopickup; reactivate with Ctrl-A.
Something hits you but does no damage.
You barely miss something. You block its attack.
You closely miss something. Something hits you but does no damage.
Something hits you but does no damage.
You miss something. Something hits you. Something shocks you.
* * * LOW HITPOINT WARNING * * *
You miss something. Something hits you but does no damage.
You closely miss something. You block its attack.
You barely miss something. Something hits you.
* * * LOW HITPOINT WARNING * * *
Something shocks you.
* * * LOW HITPOINT WARNING * * *
You miss something. Something hits you but does no damage.
You miss something. Something hits you.
* * * LOW HITPOINT WARNING * * *
Something shocks you.
You die...

#.# ##.## * ##...## *,
..... *#...# * , , , $h.
, *** , #{# , , , , #@#
** #.# #.# ########## #.#
#........#
#.#######.######.#
#.........# #.# ###
#..######)#### #.#
##.##### #..##.pp.....#
#.#
##.#.##.####..##.###.##.#
#.#


You could see a hound.

Vanquished Creatures
  Pikel (D:4)
  Grinder (D:4)
  Sigmund (D:3)
  A hound (D:3)
  An orc wizard (D:3)
  2 adders (D:3)
  A gnoll (D:3)
  3 worms (D:2)
  19 orcs
  3 giant cockroaches (D:3)
  5 hobgoblins
  4 jackals (D:2)
  A kobold (D:2)
  A ball python (D:2)
  10 bats
  A giant gecko (D:1)
  A giant gecko skeleton (D:3)
  5 giant newts
  4 goblins
  A quokka (D:3)
  9 rats
75 creatures vanquished.

Notes
Turn   | Place    | Note
--------------------------------------------------------------
     0 | D:1      | Ivanskos the Deep Dwarf Fighter began the quest for the Orb.
     0 | D:1      | Reached XP level 1. HP: 20/20 MP: 1/1
   160 | D:1      | Reached XP level 2. HP: 27/27 MP: 2/2
   595 | D:2      | Reached XP level 3. HP: 21/34 MP: 3/3
   742 | D:2      | Found a glowing golden altar of the Shining One.
  1419 | D:3      | Reached skill level 1 in Dodging
  1467 | D:3      | Reached skill level 4 in Shields
  1467 | D:3      | Reached XP level 4. HP: 35/42 MP: 0/4
  1733 | D:3      | Found a snail-covered altar of Cheibriados.
  1913 | D:3      | Reached XP level 5. HP: 47/49 MP: 0/5
  2035 | D:3      | Noticed Sigmund
  2057 | D:3      | Killed Sigmund
  2057 | D:3      | Reached skill level 5 in Shields
  2057 | D:3      | Reached XP level 6. HP: 11/56 MP: 6/6
  2213 | D:4      | Noticed Grinder
  2240 | D:4      | Killed Grinder
  2240 | D:4      | Reached skill level 1 in Axes
  2240 | D:4      | Reached XP level 7. HP: 9/63 MP: 7/7
  2404 | D:4      | Noticed Pikel
  2452 | D:4      | Killed Pikel
  2452 | D:4      | Reached skill level 5 in Armour
  2452 | D:4      | Reached skill level 6 in Shields
  2452 | D:4      | Reached skill level 1 in Evocations
  2609 | D:4      | HP: 2/66 [something (2)]
  2609 | D:4      | Slain by a sky beast

Action                   |  1- 3 |  4- 6 |  7- 9 || total
-------------------------+-------+-------+-------++-------
Melee: Mace              |   123 |    44 |       ||   167
       Hand axe          |       |    88 |    97 ||   185
 Abil: Device Recharging |       |       |     1 ||     1
Evoke: Wand              |     1 |     3 |     1 ||     5
  Use: Scroll            |     6 |     1 |       ||     7
  Eat: Bread ration      |     1 |       |     1 ||     2
       Royal jelly       |       |     1 |       ||     1
       Pizza             |       |     1 |       ||     1
